 Dungeon Sprint DCSS version 0.29-a0-320-g9f8742066b (webtiles) character file.

Game seed: 12296604096967200762

381 mhtbhm the Cleaver (level 6, 0/67 HPs)
             Began as a Minotaur Berserker on Apr 2, 2022.
             Was a Believer of Trog.
             Slain by a neqoxec (10 damage)
             ... in the Dungeon (Sprint II: "The Violet Keep of Menkaure").
             The game lasted 00:00:07 (23 turns).

mhtbhm the Cleaver (Minotaur Berserker)               Turns: 23, Time: 00:00:08

Health: 0/67       AC:  2    Str: 23    XL:     6   Next: 46%
Magic:  5/5        EV: 13    Int:  4    God:    Trog [**....]
Gold:   0          SH:  0    Dex: 10    Spells: 5/5 levels left

rFire   . . .      SeeInvis .   a - +0 hand axe
rCold   . . .      Faith    .   (no shield)
rNeg    . . .      Spirit   .   b - +0 animal skin
rPois   .          Reflect  .   (helmet restricted)
rElec   .          Harm     .   (no cloak)
rCorr   .          Rampage  .   (no gloves)
Will    .....      Rage     1%  (no boots)
Stlth   +......... NoTele   +   (no amulet)
HPRegen 0.21/turn               (no ring)
MPRegen 0.09/turn               (no ring)

@: on berserk cooldown, slowed, very slow
A: horns 2, retaliatory headbutt, berserk 1
a: Renounce Religion, Berserk, Trog's Hand


You were in the Dungeon.
You worshipped Trog.
Trog was pleased with you.
You visited 1 branch

Inventory:

Hand Weapons
 a - a +0 hand axe (weapon)
Armour
 b - a +0 animal skin (worn)
Scrolls
 h - a scroll of blinking
Potions
 c - a potion of curing
 d - a potion of heal wounds
 e - a potion of haste
 f - 2 potions of magic
 g - a potion of berserk rage


   Skills:
 + Level 10.9 Fighting
 + Level 11.1 Axes
 + Level 6.0 Armour
 + Level 5.5 Dodging


You had 5 spell levels left.
You didn't know any spells.
Your spell library was empty.

Dungeon Overview and Level Annotations

Branches:
Dungeon (1/1)

Altars:


Innate Abilities, Weirdness & Mutations

You have a pair of horns on your head.
You reflexively headbutt those who attack you in melee.
You tend to lose your temper in combat.


Message History

Strange energies course through your body.
You feel a little pissed off. The neqoxec closely misses you.
There is an open door here.
You slice the neqoxec!! You headbutt the neqoxec!
You kill the neqoxec!
Trog accepts your kill.
You can now call upon Trog for regeneration and willpower.
You barely miss the neqoxec.
Your Fighting skill increases to level 10!
Your Axes skill gained 2 levels and is now at level 11!
Your Armour skill increases to level 6!
Your Dodging skill increases to level 5!
You have reached level 6!
You closely miss the neqoxec. Your headbutt misses the neqoxec.
The neqoxec gestures at you.
Something tries to feed on your intellect!
You miss the neqoxec. Your headbutt misses the neqoxec. You slash the neqoxec!
Your headbutt misses the neqoxec.
The neqoxec is moderately wounded.
The neqoxec misses you.
You miss the neqoxec.
The neqoxec is moderately wounded.
You closely miss the neqoxec.
The neqoxec is moderately wounded.
You are no longer berserk.
You are exhausted.
You feel yourself slow down. The neqoxec closely misses you.
You furiously retaliate!
You headbutt the neqoxec. You hit the neqoxec but do no damage.
The neqoxec is moderately wounded.
The neqoxec barely misses you.
You barely miss the neqoxec. You headbutt the neqoxec!
The neqoxec is heavily wounded.
The neqoxec hits you.
* * * LOW HITPOINT WARNING * * *
You hit the neqoxec but do no damage. Your headbutt misses the neqoxec.
The neqoxec is heavily wounded.
The neqoxec hits you!
You die...

## ###
#.##..#
#.$3#
#@#
##.##
+.<.+
##.##
#+#


You could see a neqoxec.

Vanquished Creatures
  3 neqoxecs (D)
3 creatures vanquished.

Notes
Turn   | Place    | Note
-------+----------+-------------------------------------------
     0 | D        | mhtbhm the Minotaur Berserker began the quest for the Orb.
     0 | D        | Reached XP level 1. HP: 19/19 MP: 0/0
     1 | D        | Noticed a neqoxec
     1 | D        | Noticed a neqoxec
     1 | D        | Noticed a neqoxec
     1 | D        | Noticed a neqoxec
     9 | D        | Killed a neqoxec
    10 | D        | Reached skill level 8 in Axes
    10 | D        | Reached XP level 2. HP: 8/35 MP: 1/1
    10 | D        | Reached XP level 3. HP: 10/40 MP: 2/2
    10 | D        | Reached XP level 4. HP: 12/48 MP: 3/3
    13 | D        | Killed a neqoxec
    14 | D        | Reached skill level 9 in Axes
    14 | D        | Reached skill level 5 in Armour
    14 | D        | Reached XP level 5. HP: 14/58 MP: 4/4
    14 | D        | Gained mutation: You tend to lose your temper in combat. [a
                  | neqoxec]
    15 | D        | Killed a neqoxec
    15 | D        | Reached ** piety under Trog
    16 | D        | Reached skill level 10 in Fighting
    16 | D        | Reached skill level 11 in Axes
    16 | D        | Reached skill level 5 in Dodging
    16 | D        | Reached XP level 6. HP: 16/67 MP: 5/5
    23 | D        | Slain by a neqoxec

Illustrated notes

Levels and vault maps discovered:
D:        the_violet_keep_of_menkaure [sprint2_stairs_cluster_1,
          sprint2_shoproom, sprint2_temple, sprint2_basic_supplies,
          sprint2_obstacle_6, sprint2_obstacle_1, sprint2_obstacle_3,
          sprint2_obstacle_2, sprint2_obstacle_7, sprint2_timed_cluster_1,
          sprint2_smallroom_cluster_1, sprint2_smallroom_final_cluster_1,
          sprint2_transparent_cluster_1, sprint2_second_timed_cluster_1,
          sprint2_sniper_area_1, sprint2_heavy_combat_area_1,
          sprint2_mutation_trap_area_1, sprint2_forest_area_1,
          sprint2_light_combat_area_1, sprint2_behind_water_1,
          sprint2_near_end_vault_1]

Skill      XL: |  1  2  3  4  5 |
---------------+----------------+-----
Fighting       | 8 9 10 | 10.9
Axes           | 8 9 11 | 11.1
Armour         | 4 5 6 |  6.0
Dodging        | 3 4 5 |  5.5

Action                   |  1- 3 |  4- 6 || total
-------------------------+-------+-------++-------
Melee: Hand axe          |     7 |    13 ||    20
       Headbutt          |     1 |     2 ||     3
Invok: Berserk           |     1 |       ||     1
Dodge: Dodged            |     2 |     5 ||     7

Table legend: (Time is in decaauts)
 A = Elapsed time spent in this place.
 B = Non-inter-level travel time spent in this place.
 C = Inter-level travel time spent in this place.
 D = Time resting spent in this place.
 E = Time spent auto-exploring this place.
 F = Levels seen in this place.
 G = Mean time per level.
                   A        B        C        D        E       F      G
               +--------+--------+--------+--------+--------+-----+--------+
         Total |     16 |     16 |      0 |      0 |      1 |   1 |   16.0 |
       Dungeon |     16 |     16 |      0 |      0 |      1 |   1 |   16.0 |
               +--------+--------+--------+--------+--------+-----+--------+

Top non-repeatable levels by time:
       D: 16 daAuts
